Map: Rainfall LE

Players

Choigalaxy

  • Race: Zerg Zerg
  • League: Diamond

인공지능 칸 (아주 쉬움) - Winner!

  • Race: Terran Terran

VOD

Have the link to the VOD?

Description

Time

  • Played on: Oct. 7, 2026, 6:03 a.m.
  • Length: 5:40
Show
View Real Time Build Order
Export as new Build Order

Choigalaxy Zerg 

Build Orders: Hatch First 

Get SALT Encoding   

  12  0:00  Drone  
  13  0:11  Overlord  
  13  0:16  Drone  
  14  0:30  Drone x2  
  16  0:47  Hatchery  
  15  0:50  Drone  
  15  0:53  Drone  
  15  0:56  Drone  
  18  1:08  Extractor  
  17  1:13  Spawning Pool  
  17  1:15  Drone  
  17  1:18  Drone  
  18  1:28  Drone  
  19  1:44  Drone  
  20  1:52  Overlord  
  20  2:01  Queen x2  
  20  2:02  Zergling x4  
  26  2:10  Drone x2  
  26  2:14  Metabolic Boost  
  28  2:22  Drone x2  
  30  2:37  Hatchery  
  29  2:42  Drone  
  29  2:43  Drone x2  
  32  2:51  Queen  
  34  2:55  Overlord  
  34  2:58  Drone  
  34  3:00  Drone  
  34  3:04  Overlord  
  36  3:13  Queen  
  36  3:15  Drone  
  36  3:16  Drone  
  36  3:18  Drone  
  41  3:20  Drone  
  41  3:23  Drone  
  41  3:25  Drone  
  41  3:26  Drone  
  45  3:30  Spore Crawler  
  45  3:33  Spore Crawler  
  43  3:35  Drone  
  43  3:36  Drone  
  45  3:42  Queen  
  45  3:46  Overlord  
  47  3:50  Overlord  
  47  3:54  Evolution Chamber  
  46  3:55  Drone  
  46  3:58  Drone x2  
  46  3:59  Drone  
  46  4:01  Drone  
  52  4:02  Drone  
  52  4:07  Baneling Nest  
  51  4:12  Drone x3  
  51  4:15  Spore Crawler  
  53  4:19  Drone  
  53  4:23  Drone  
  53  4:24  Drone x2  
  56  4:26  Drone  
  56  4:28  Drone  
  59  4:33  Zergling x2  
  59  4:34  Zergling x6  
  59  4:35  Zergling x2  
  64  4:39  Drone, Extractor  
  64  4:45  Drone x2  
  66  4:46  Overlord  
  66  4:53  Overlord  
  66  4:55  Overlord  
  66  4:56  Overlord  
  66  5:04  Hatchery  
  65  5:07  Drone x2  
  65  5:08  Drone  
  65  5:09  Drone x2  
  65  5:10  Extractor x2  
  65  5:13  Drone x3  
  71  5:15  Drone x2  
  71  5:17  Drone  
  71  5:18  Drone  
  71  5:21  Drone  
  76  5:24  Drone  
  77  5:34  Extractor  
Show
View Real Time Build Order
Export as new Build Order

인공지능 칸 (아주 쉬움) Terran - Winner!

Build Orders:  

Get SALT Encoding   

  12  0:00  SCV  
  13  0:13  SCV  
  14  0:18  Supply Depot  
  14  0:36  Refinery  
  14  0:41  Barracks  
  14  1:03  Supply Depot  
  14  1:12  Refinery  
  14  1:27  Marine  
  14  1:30  Orbital Command  
  15  1:56  SCV  
  16  2:08  SCV  
  17  2:09  Marine  
  18  2:20  SCV  
  19  2:28  Barracks Tech Lab  
  19  2:32  SCV  
  20  2:44  SCV  
  20  2:51  Marauder  
  23  2:56  SCV  
  24  4:21  SCV  
Tags
 
Add a new tag
Caveats
  • Supply blocks, unpowered buildings, or Contaminate may cause inaccurate times.
  • Supply counts are checked every 10 seconds.